 Dungeon Crawl Stone Soup version 0.29.1-1-gd02db6906a (webtiles) character file.

Game seed: 2745392745711540676

8532 sleeves the Frost Mage (level 11, -7/83 HPs)
             Began as a Gnoll Ice Elementalist on Sept 30, 2022.
             Was a Priest of Sif Muna.
             Mangled by Gastronok (19 damage)
             ... on level 8 of the Dungeon.
             The game lasted 00:28:41 (12593 turns).

sleeves the Frost Mage (Gnoll Ice Elementalist)    Turns: 12593, Time: 00:28:42

Health: -7/83      AC:  9    Str: 15    XL:     11   Next: 32%
Magic:  12/23      EV: 13    Int: 18    God:    Sif Muna [***...]
Gold:   205        SH:  9    Dex: 12    Spells: 16/26 levels left

rFire   . . .      SeeInvis +   E - staff of conjuration
rCold   . . .      Faith    .   T - +0 kite shield
rNeg    + . .      Spirit   .   D - +2 leather armour {rPois}
rPois   +          Reflect  .   F - +0 mask of the Dragon {Will+ Slay+3 SInv}
rElec   .          Harm     .   c - +0 cloak
rCorr   .          Rampage  .   d - +0 pair of gloves
Will    +....                   G - +0 pair of boots
Stlth   +++.......              (no amulet)
HPRegen 0.23/turn               K - ring of positive energy
MPRegen 0.18/turn               k - +6 ring of strength

@: about to teleport, very slightly contaminated, slowed, very slow
A: fangs 1, strong nose, distributed training
a: Renounce Religion, Channel Magic, Forget Spell


You were on level 8 of the Dungeon.
You worshipped Sif Muna.
Sif Muna was most pleased with you.
You visited 1 branch of the dungeon, and saw 10 of its levels.

You collected 841 gold pieces.
You spent 636 gold pieces at shops.

Inventory:

Hand Weapons
 a - a +3 spear of freezing
   (You took it off a wight on level 6 of the Dungeon)
 b - a +1 dagger of electrocution
   (You took it off an orc on level 9 of the Dungeon)
Missiles
 h - 3 throwing nets
Armour
 c - a +0 cloak (worn)
   (You found it on level 1 of the Dungeon)
 d - a +0 pair of gloves (worn)
   (You found it on level 1 of the Dungeon)
 m - the +0 ring mail "Qoblid" {Dex+6}
   (You bought it in a shop on level 3 of the Dungeon)

   Dex:       It affects your dexterity (+6).
 D - a +2 leather armour of poison resistance (worn)
   (You took it off Ijyb on level 5 of the Dungeon)
 F - the +0 mask of the Dragon (worn) {Will+ Slay+3 SInv}
   (You bought it in a shop on level 3 of the Dungeon)

   Slay:      It affects your accuracy & damage with ranged weapons and melee
   (+3).
   SInv:      It lets you see invisible.
   Will:      It increases your willpower.
 G - a +0 pair of boots (worn)
   (You found it on level 6 of the Dungeon)
 I - +0 acid dragon scales
   (You found it on level 9 of the Dungeon)
 N - a scarf of invisibility
   (You found it on level 8 of the Dungeon)
 T - a +0 kite shield (worn)
   (You found it on level 9 of the Dungeon)
Magical Staves
 E - a staff of conjuration (weapon)
   (You found it on level 1 of the Dungeon)
 Q - a staff of death
   (You found it on level 9 of the Dungeon)
Jewellery
 k - a +6 ring of strength (right hand)
   (You found it on level 1 of the Dungeon)
 q - a ring of see invisible
   (You found it on level 2 of the Dungeon)
 y - a ring of resist corrosion
   (You found it on level 10 of the Dungeon)
 K - a ring of positive energy (left hand)
   (You found it on level 8 of the Dungeon)
 P - a ring of positive energy
   (You found it on level 9 of the Dungeon)
Wands
 C - a wand of roots (18)
   (You found it on level 5 of the Dungeon)
 M - a wand of flame (16)
   (You found it on level 8 of the Dungeon)
 S - a wand of digging (3)
   (You found it on level 9 of the Dungeon)
Scrolls
 l - 6 scrolls of teleportation
 n - 2 scrolls of torment {unknown}
 o - 4 scrolls of enchant armour
 s - a scroll of acquirement {unknown}
 t - 3 scrolls of poison
 v - 3 scrolls of butterflies {unknown}
 w - a scroll of amnesia {unknown}
 A - 3 scrolls of blinking {unknown}
 B - 3 scrolls of fear
 H - a scroll of summoning {unknown}
 L - 2 scrolls of vulnerability {unknown}
 O - a scroll of immolation {unknown}
 R - a scroll of silence {unknown}
Potions
 e - a potion of lignification {unknown}
 f - 2 potions of berserk rage {unknown}
 g - 2 potions of cancellation {unknown}
 i - a potion of magic
 j - 4 potions of attraction {unknown}
 p - a potion of resistance {unknown}
 r - 2 potions of heal wounds {unknown}
 u - 5 potions of curing {unknown}
 x - 3 potions of might {unknown}
 z - a potion of mutation {unknown}
 J - a potion of flight {unknown}


   Skills:
 + Level 6.4 Fighting
 + Level 6.4 Short Blades
 + Level 6.4 Long Blades
 + Level 6.4 Axes
 + Level 6.4 Maces & Flails
 + Level 6.4 Polearms
 + Level 6.4 Staves
 + Level 6.4 Ranged Weapons
 + Level 6.4 Throwing
 + Level 6.4 Armour
 + Level 8.0 Dodging
 + Level 7.7 Stealth
 + Level 6.4 Shields
 + Level 6.4 Unarmed Combat
 + Level 8.2 Spellcasting
 + Level 5.3 Conjurations
 + Level 5.3 Hexes
 + Level 5.3 Summonings
 + Level 5.3 Necromancy
 + Level 5.3 Translocations
 + Level 5.3 Transmutations
 + Level 5.3 Fire Magic
 + Level 9.0 Ice Magic
 + Level 5.3 Air Magic
 + Level 5.3 Earth Magic
 + Level 5.3 Poison Magic
 + Level 7.0 Invocations
 + Level 6.4 Evocations


You had 16 spell levels left.
You knew the following spells:

 Your Spells              Type           Power      Damage    Failure   Level
a - Freeze                Ice            100%       1d11      1%          1
b - Frozen Ramparts       Ice            78%        1d12      2%          3
c - Ozocubu's Armour      Ice            39%        N/A       2%          3
d - Stone Arrow           Conj/Erth      78%        3d11      11%         3

Your spell library contained the following spells:

 Spells                   Type           Power      Damage    Failure   Level
 Magic Dart               Conj           100%       1d8       3%          1
 Sandblast                Erth           52%        2d12      3%          1
 Summon Small Mammal      Summ           100%       N/A       3%          1
 Passwall                 Tmut/Erth      21%        N/A       5%          2
 Searing Ray              Conj           78%        2d7       5%          2
 Sublimation of Blood     Necr           26%        N/A       5%          2
 Wereblood                Tmut           26%        N/A       5%          2
 Call Canine Familiar     Summ           26%        N/A       11%         3
 Summon Guardian Golem    Hex/Summ       26%        N/A       11%         3
 Hailstorm                Conj/Ice       49%        3d11      16%         4
 Fulminant Prism          Conj/Hex       19%        3d11      34%         4
 Summon Lightning Spire   Summ/Air       26%        N/A       34%         4
 Storm Form               Tmut/Air       13%        N/A       100%        7
 Summon Hydra             Summ           13%        N/A       100%        7
 Maxwell's Capacitive Co  Air            13%        ∞         100%        8


Dungeon Overview and Level Annotations

Branches:
Dungeon (10/15)            Temple (0/1) D:6
   Lair: D:8-11         Orc: D:9-12

Altars:
Gozag
Hepliaklqana
Kikubaaqudgha
Makhleb
Nemelex Xobeh
Okawaru
Ru
Sif Muna
Uskayaw
Vehumet
The Shining One

Shops:
D:2 !   D:3 [   D:5 *

Annotations:
D:4 Grinder
D:6 3 runed translucent doors, 0gre's ghost, novice GnIE
D:7 exclusion: gargoyle
D:8 Gastronok
D:10 Joseph


Innate Abilities, Weirdness & Mutations

You have very sharp teeth.
Your uncanny sense of smell can sniff out nearby items.
Your experience applies equally to all skills.


Message History

* * * LOW MAGIC WARNING * * *
The komodo dragon bites you but does no damage.
Casting: Freeze (safe; 1% risk of failure)
Confirm with . or Enter, or press ? or * to list all spells.
Aiming: Freeze (safe; 1% risk of failure)
Press: ? - help, Shift-Dir - straight line, f/p - komodo dragon
Aim: a komodo dragon (severely wounded, slow)
You freeze the komodo dragon!
The komodo dragon is almost dead.
* * * LOW MAGIC WARNING * * *
You hit the komodo dragon but do no damage.
Lightning courses through the komodo dragon!!
You kill the komodo dragon!
Sif Muna accepts your kill.
You climb upwards.
Your icy armour cracks and falls away as you move.
Your magical contamination has completely faded away.
There is a stone staircase leading down here.
HP restored.
Magic restored.
Done exploring.
You climb downwards.
There is a stone staircase leading up, spattered with blood here.
The yak bellows!
A yak comes into view. x2
Things that are here:
a +0 scale mail; a +0 glaive
There is a stone staircase leading up, spattered with blood here.
Casting: Freeze (safe; 1% risk of failure)
Confirm with . or Enter, or press ? or * to list all spells.
A film of ice covers your body!
A yak comes into view.
Casting: Ozocubu's Armour (mildly dangerous; 2% risk of failure)
Confirm with . or Enter, or press ? or * to list all spells.
Casting: Frozen Ramparts (mildly dangerous; 2% risk of failure)
Press: ? - help, Dir - look around, f - activate A stone staircase leading up, spattered with blood.
The walls around you are covered in ice.
The yak bellows!
You hear a shout! x3
The wall freezes the yak.
The wall freezes the yak!
You closely miss the yak. Your bite misses the yak.
The yak is moderately wounded.
The wall freezes the yak.
The yak barely misses you.
You hit the yak but do no damage. Your bite misses the yak.
The yak is moderately wounded.
The wall freezes the yak!
You block the yak's attack.
The yak bellows!
You hit the yak.
The yak is severely wounded.
The wall freezes the yak!
The yak gores you!
You hit the yak. Your bite misses the yak.
The yak is almost dead.
You hit the yak but do no damage.
The yak is almost dead.
The wall freezes the yak.
You kill the yak!
Sif Muna accepts your kill.
A yak comes into view.
The wall freezes the yak.
The wall freezes the yak!
The yak bellows!
You hit the yak.
The yak is lightly wounded.
The wall freezes the yak!
The wall freezes the yak.
The yak barely misses you.
The yak bellows!
You hit the yak but do no damage.
The yak is moderately wounded.
The wall freezes the yak.
You barely miss the yak.
The yak is moderately wounded.
A kobold comes into view. It is wielding a +0 short sword.
The wall freezes the yak.
A kobold brigand comes into view.
It is wielding a +0 whip and quivering curare-tipped darts.
Casting: Frozen Ramparts (mildly dangerous; 2% risk of failure)
Confirm with . or Enter, or press ? or * to list all spells.
Aiming: Freeze (safe; 1% risk of failure)
Press: ? - help, Shift-Dir - straight line, f - yak
Aim: a yak (moderately wounded)
You freeze the yak.
The yak is moderately wounded.
The kobold brigand shouts!
You hear a shout! x2
The wall freezes the yak.
The yak gores you!
The wall freezes the yak.
You block the yak's attack.
You hit the yak but do no damage. Your bite misses the yak.
The yak is heavily wounded.
You hit the yak.
The yak is heavily wounded.
The frozen ramparts melt away.
A kobold comes into view. It is wielding a +0 whip.
The yak barely misses you. The yak gores you.
Your icy armour will break if you move.
Continue? [Y]es or [N]o only, please.
Your icy armour will break if you move.
Continue?
You block the yak's attack.
You climb upwards.
Your icy armour cracks and falls away as you move.
There is a stone staircase leading down here.
The yak gores you. The yak attacks as you move away!
The yak closely misses you. The yak attacks as you move away!
You block the yak's attack.
Casting: Freeze (safe; 1% risk of failure)
Confirm with . or Enter, or press ? or * to list all spells.
A film of ice covers your body! The yak gores you.
Casting: Ozocubu's Armour (mildly dangerous; 2% risk of failure)
Confirm with . or Enter, or press ? or * to list all spells.
Casting: Frozen Ramparts (mildly dangerous; 2% risk of failure)
Press: ? - help, Dir - look around, f - activate The walls around you are covered in ice.
The wall freezes the yak but does no damage.
The yak misses you.
The wall freezes the yak.
You closely miss the yak. You bite the yak, but do no damage.
The yak is moderately wounded.
The wall freezes the yak.
You block the yak's attack.
The wall freezes the yak!
You hit the yak but do no damage.
The yak is moderately wounded.
The wall freezes the yak!
The yak closely misses you.
The wall freezes the yak!
You kill the yak!
Sif Muna accepts your kill.
Your Fighting skill increases to level 6!
Your Short Blades skill increases to level 6!
Your Long Blades skill increases to level 6!
Your Axes skill increases to level 6!
Your Maces & Flails skill increases to level 6!
Your Polearms skill increases to level 6!
Your Staves skill increases to level 6!
Your Ranged Weapons skill increases to level 6!
Your Throwing skill increases to level 6!
Your Armour skill increases to level 6!
Your Shields skill increases to level 6!
Your Unarmed Combat skill increases to level 6!
Your Evocations skill increases to level 6!
You hit the yak but do no damage.
The yak is severely wounded.
The wall freezes the yak!
The yak barely misses you.
You hit the yak but do no damage.
The yak is severely wounded.
The wall freezes the yak.
You block the yak's attack.
You barely miss the yak. You bite the yak, but do no damage.
The yak is almost dead.
The wall freezes the yak but does no damage.
The yak gores you.
You barely miss the yak.
The yak is almost dead.
You hit the yak.
The yak is almost dead.
The wall freezes the yak!
You kill the yak!
Sif Muna accepts your kill.
You can now freely open your mind to new spells.
Your Conjurations skill increases to level 5!
Your Hexes skill increases to level 5!
Your Summonings skill increases to level 5!
Your Necromancy skill increases to level 5!
Your Translocations skill increases to level 5!
Your Transmutations skill increases to level 5!
Your Fire Magic skill increases to level 5!
Your Air Magic skill increases to level 5!
Your Earth Magic skill increases to level 5!
Your Poison Magic skill increases to level 5!
Your icy armour cracks and falls away as you move.
The frozen ramparts melt away as you move.
You start resting.
Magic restored.
You start resting.
HP restored.
There is a stone staircase leading down here.
Unknown command.
You climb downwards.
A kobold comes into view. It is wielding a +0 dagger.
The kobold brigand throws a curare-tipped dart.
The curare-tipped dart closely misses you.
The yak gores you but does no damage. You block the yak's attack. x2
There is a stone staircase leading up, spattered with blood here.
You block the yak's attack. x2
You climb upwards.
There is a stone staircase leading down here.
You block the yak's attack. The yak barely misses you.
The yak attacks as you move away! The yak gores you!
The yak attacks as you move away! The yak gores you.
Casting: Frozen Ramparts (mildly dangerous; 2% risk of failure)
Confirm with . or Enter, or press ? or * to list all spells.
A film of ice covers your body! The yak barely misses you.
Casting: Ozocubu's Armour (mildly dangerous; 2% risk of failure)
Confirm with . or Enter, or press ? or * to list all spells.
Casting: Frozen Ramparts (mildly dangerous; 2% risk of failure)
Press: ? - help, Dir - look around, f - activate You miscast Frozen Ramparts.
You are very lightly contaminated with residual magic.
Nothing appears to happen.
The yak closely misses you.
Casting: Frozen Ramparts (mildly dangerous; 2% risk of failure)
Confirm with . or Enter, or press ? or * to list all spells.
Casting: Frozen Ramparts (mildly dangerous; 2% risk of failure)
Press: ? - help, Dir - look around, f - activate The walls around you are covered in ice.
The wall freezes the yak.
The yak gores you.
The wall freezes the yak but does no damage.
You completely miss the yak.
The yak is lightly wounded.
The wall freezes the yak.
The yak gores you but does no damage.
The wall freezes the yak.
You hit the yak but do no damage. Lightning courses through the yak!
You bite the yak, but do no damage.
The yak is heavily wounded.
The wall freezes the yak.
The yak gores you but does no damage.
The wall freezes the yak but does no damage.
You hit the yak but do no damage. Lightning courses through the yak!
You kill the yak!
Sif Muna accepts your kill.
You have reached level 11!
You swing at nothing.
The wall freezes the yak!
You hit the yak but do no damage.
The yak is moderately wounded.
The wall freezes the yak.
The yak gores you.
You hit the yak. Lightning courses through the yak!
The yak is severely wounded.
The wall freezes the yak but does no damage.
The yak gores you!
Your magical contamination has completely faded away.
You hit the yak but do no damage. Lightning courses through the yak!
The yak is almost dead.
The wall freezes the yak.
You kill the yak!
Sif Muna accepts your kill.
Your Spellcasting skill increases to level 8!
You swing at nothing.
You start resting.
The frozen ramparts melt away.
You start resting.
Your icy armour starts to melt.
Your icy armour cracks and falls away as you move.
You see here a yak corpse.
You start resting.
Magic restored.
There is a stone staircase leading down here.
You start resting.
HP restored.
You climb downwards.
You block the kobold's attack. The kobold misses you.
A kobold comes into view. It is wielding a +0 club.
There is a stone staircase leading up, spattered with blood here.
The kobold barely misses you. You block the kobold's attack.
The kobold hits you but does no damage.
You climb upwards.
There is a stone staircase leading down here.
You hit the kobold.
You kill the kobold!
Sif Muna accepts your kill. You block the kobold's attack.
The kobold completely misses you.
You hit the kobold but do no damage.
The kobold hits you but does no damage. x2
You hit the kobold.
The kobold is severely wounded.
The kobold completely misses you. The kobold hits you with a +0 whip.
You hit the kobold. Lightning courses through the kobold!
You kill the kobold!
Sif Muna accepts your kill. The kobold hits you but does no damage.
You barely miss the kobold. You block the kobold's attack.
You hit the kobold.
The kobold is severely wounded.
You block the kobold's attack.
You hit the kobold.
You kill the kobold!
Sif Muna accepts your kill.
No target in view!
No target in view!
No target in view!
No target in view!
No target in view!
No target in view!
No target in view!
No target in view!
No target in view!
You climb downwards.
The kobold hits you but does no damage. The kobold misses you.
You block the kobold's attack.
The kobold brigand throws a curare-tipped dart.
The curare-tipped dart misses you. You block the kobold's attack.
There is a stone staircase leading up, spattered with blood here.
You block the kobold's attack.
The kobold brigand throws a curare-tipped dart.
You block the curare-tipped dart. The kobold hits you with a +0 dagger.
You climb upwards.
There is a stone staircase leading down, spattered with blood here.
You hit the kobold. Lightning courses through the kobold!
You kill the kobold!
Sif Muna accepts your kill. The kobold hits you but does no damage.
You hit the kobold.
The kobold is moderately wounded.
The kobold hits you with a +0 club.
You hit the kobold. Lightning courses through the kobold!
You kill the kobold!
Sif Muna accepts your kill.
No target in view!
No target in view!
No target in view!
No target in view!
No target in view!
No target in view!
You climb downwards.
The kobold hits you but does no damage. The kobold brigand closely misses you.
There is a stone staircase leading up, spattered with blood here.
The kobold misses you.
The kobold brigand hits you but does no damage.
You climb upwards.
There is a stone staircase leading down, spattered with blood here.
You hit the kobold brigand but do no damage.
You block the kobold brigand's attack. You block the kobold's attack.
You closely miss the kobold brigand. The kobold brigand closely misses you.
The kobold hits you but does no damage.
You hit the kobold brigand.
The kobold brigand is lightly wounded.
The kobold brigand hits you with a +0 whip!
The kobold closely misses you.
You hit the kobold brigand but do no damage.
The kobold brigand is lightly wounded.
You block the kobold brigand's attack. The kobold hits you but does no damage.
You closely miss the kobold brigand.
The kobold brigand is lightly wounded.
The kobold brigand hits you but does no damage.
The kobold misses you.
You hit the kobold brigand but do no damage.
The kobold brigand is lightly wounded.
You block the kobold brigand's attack. The kobold hits you but does no damage.
You hit the kobold brigand but do no damage.
The kobold brigand is lightly wounded.
You barely miss the kobold brigand.
The kobold brigand is lightly wounded.
The kobold brigand completely misses you.
The kobold closely misses you.
You hit the kobold brigand but do no damage.
You bite the kobold brigand, but do no damage.
The kobold brigand is lightly wounded.
The kobold brigand closely misses you. The kobold hits you but does no damage.
You hit the kobold brigand.
The kobold brigand is lightly wounded.
The kobold brigand closely misses you. The kobold closely misses you.
You closely miss the kobold brigand.
The kobold brigand is lightly wounded.
You block the kobold brigand's attack. You block the kobold's attack.
You hit the kobold brigand but do no damage.
The kobold brigand is lightly wounded.
You hit the kobold brigand. Your bite misses the kobold brigand.
The kobold brigand is lightly wounded.
The kobold brigand hits you but does no damage.
You block the kobold's attack.
You hit the kobold brigand but do no damage.
Lightning courses through the kobold brigand!
The kobold brigand is heavily wounded.
The kobold brigand hits you with a +0 whip.
You block the kobold's attack.
You hit the kobold brigand.
The kobold brigand is heavily wounded.
The kobold brigand closely misses you. The kobold misses you.
You hit the kobold brigand.
The kobold brigand is heavily wounded.
You block the kobold brigand's attack. The kobold closely misses you.
You hit the kobold brigand.
Lightning courses through the kobold brigand!
The kobold brigand is almost dead.
You hit the kobold brigand but do no damage.
The kobold brigand is almost dead.
You block the kobold brigand's attack. The kobold hits you but does no damage.
You hit the kobold brigand.
Lightning courses through the kobold brigand!
You kill the kobold brigand!
Sif Muna accepts your kill. The kobold hits you but does no damage.
You barely miss the kobold. Your bite misses the kobold.
You block the kobold's attack.
You hit the kobold. Lightning courses through the kobold!
You kill the kobold!
Sif Muna accepts your kill.
No target in view!
No target in view!
No target in view!
No target in view!
No target in view!
No target in view!
No target in view!
No target in view!
No target in view!
No target in view!
You start resting.
HP restored.
You climb downwards.
There is a stone staircase leading up, spattered with blood here.
The two-headed ogre shouts in stereo!
There is a stone staircase leading up, spattered with blood here.
Casting: Frozen Ramparts (mildly dangerous; 2% risk of failure)
Confirm with . or Enter, or press ? or * to list all spells.
A film of ice covers your body!
Casting: Ozocubu's Armour (mildly dangerous; 2% risk of failure)
Confirm with . or Enter, or press ? or * to list all spells.
You can't see any susceptible monsters within range! (Use Z to cast anyway.)
Casting: Ozocubu's Armour (mildly dangerous; 2% risk of failure)
Confirm with . or Enter, or press ? or * to list all spells.
Aiming: Stone Arrow (dangerous; 12% risk of failure)
Press: ? - help, Shift-Dir - straight line, f - two-headed ogre
Aim: a two-headed ogre, wielding two +0 giant clubs (86% to hit)
The stone arrow hits the two-headed ogre!!
The two-headed ogre is moderately wounded.
Casting: Stone Arrow (dangerous; 12% risk of failure)
Confirm with . or Enter, or press ? or * to list all spells.
Aiming: Stone Arrow (dangerous; 12% risk of failure)
Press: ? - help, Shift-Dir - straight line, f/p - two-headed ogre
Aim: a two-headed ogre, wielding two +0 giant clubs (moderately wounded, 86% to hit)
The stone arrow hits the two-headed ogre!
The two-headed ogre is severely wounded.
Casting: Stone Arrow (dangerous; 12% risk of failure)
Confirm with . or Enter, or press ? or * to list all spells.
Aiming: Stone Arrow (dangerous; 12% risk of failure)
Press: ? - help, Shift-Dir - straight line, f/p - two-headed ogre
Aim: a two-headed ogre, wielding two +0 giant clubs (severely wounded, 86% to hit)
The stone arrow hits the two-headed ogre!!
You kill the two-headed ogre!
Sif Muna accepts your kill.
You start resting.
Your icy armour starts to melt.
You start resting.
Your icy armour evaporates.
You see here a yak skeleton.
You start resting.
Magic restored.
Found a plate armour.
Found 12 gold pieces.
y - a ring of resist corrosion Urug the Orcish Ballista comes into view.
She is wielding a +2 glaive and quivering silver javelins.
You see here 12 gold pieces.
Press: ? - help, . - travel You can't see that place. [the floor.]
Aiming: Polymorph
Press: ? - help, Shift-Dir - straight line You can't see that place. [the floor.]
Okay, then.
Really walk into a travel-excluded area?
You see here 12 gold pieces.
Aiming: Polymorph
Press: ? - help, Shift-Dir - straight line, f - Urug
Aim: Urug, wielding a +2 glaive, wearing a +0 chain mail and quivering silver javelins (asleep, will become a shock serpent, a swamp dragon, or a troll, chance to affect: 47%) Urug shouts!
Urug resists with some effort.
Joseph, a Mercenary comes into view.
He is wielding a +0 quarterstaff and wearing a +1 leather armour of fire resistance.
Urug throws a silver javelin.
The silver javelin pierces through you!
There is a stone staircase leading up, spattered with blood here.
Aiming: Polymorph
Press: ? - help, Shift-Dir - straight line, f/p - Urug
Aim: Urug, wielding a +2 glaive, wearing a +0 chain mail and quivering silver javelins (will become a shock serpent, a swamp dragon, or a troll, chance to affect: 47%) Urug evaporates and reforms as a shock serpent!
Aiming: Polymorph
Press: ? - help, Shift-Dir - straight line, f/p - Urug
Aim: Urug the shock serpent (will become a glowing orange brain, a faun, or a salamander, chance to affect: 47%) Urug the shock serpent evaporates and reforms as a glowing orange brain!
Unknown command.
Casting: Stone Arrow (dangerous; 11% risk of failure)
Confirm with . or Enter, or press ? or * to list all spells.
Aiming: Stone Arrow (dangerous; 11% risk of failure)
Press: ? - help, Shift-Dir - straight line, f/p - Urug
Aim: Urug the glowing orange brain (94% to hit)
The stone arrow hits Urug!
Urug is lightly wounded.
Casting: Stone Arrow (dangerous; 11% risk of failure)
Confirm with . or Enter, or press ? or * to list all spells.
Aiming: Stone Arrow (dangerous; 11% risk of failure)
Press: ? - help, Shift-Dir - straight line, f/p - Urug
Aim: Urug the glowing orange brain (lightly wounded, 94% to hit)
The stone arrow hits Urug!
Urug is moderately wounded.
Lodul the Thundrous comes into view.
He is wielding a +0 dire flail.
Casting: Stone Arrow (dangerous; 11% risk of failure)
Confirm with . or Enter, or press ? or * to list all spells.
Aiming: Stone Arrow (dangerous; 11% risk of failure)
Press: ? - help, Shift-Dir - straight line, f/p - Urug
Aim: Urug the glowing orange brain (moderately wounded, 94% to hit)
Okay, then.
Press: ? - help, v - describe, . - travel
Here: Urug the glowing orange brain (moderately wounded)
The floor.
Unknown command.
Unknown command.
Casting: Stone Arrow (dangerous; 11% risk of failure)
Confirm with . or Enter, or press ? or * to list all spells.
Aiming: Stone Arrow (dangerous; 11% risk of failure)
Press: ? - help, Shift-Dir - straight line, f/p - Urug
Aim: Urug the glowing orange brain (moderately wounded, 94% to hit)
The stone arrow hits Urug!!
Urug is severely wounded.
Lodul shouts!
Urug blinks!
Aiming: Polymorph
Press: ? - help, Shift-Dir - straight line, f - Lodul
Aim: Lodul, wielding a +0 dire flail (will become a black bear, a wolf, or a golden eye, chance to affect: 47%) Lodul resists with some effort.
Aiming: Polymorph
Press: ? - help, Shift-Dir - straight line, f/p - Lodul
Aim: Lodul, wielding a +0 dire flail (will become a black bear, a wolf, or a golden eye, chance to affect: 47%) Lodul resists with some effort.
Aiming: Polymorph
Press: ? - help, Shift-Dir - straight line, f/p - Lodul
Aim: Lodul, wielding a +0 dire flail (will become a black bear, a wolf, or a golden eye, chance to affect: 47%) Lodul evaporates and reforms as a black bear!
The now-empty wand crumbles to dust.
Casting: Stone Arrow (dangerous; 11% risk of failure)
Confirm with . or Enter, or press ? or * to list all spells.
Aiming: Stone Arrow (dangerous; 11% risk of failure)
Press: ? - help, Shift-Dir - straight line, f/p - Lodul
Aim: Lodul the black bear (79% to hit)
Okay, then.
The ogre shouts!
Casting: Stone Arrow (dangerous; 11% risk of failure)
Confirm with . or Enter, or press ? or * to list all spells.
Aiming: Stone Arrow (dangerous; 11% risk of failure)
Press: ? - help, Shift-Dir - straight line, f - Urug, p - Lodul
Aim: Urug the glowing orange brain (heavily wounded, 94% to hit)
The stone arrow hits Urug!
Urug is severely wounded.
The ogre shouts!
Urug blinks!
You hit Lodul but do no damage. Lightning courses through Lodul!
Lodul is heavily wounded.
You block Lodul's attack. x2; Lodul claws you but does no damage.
You hit Lodul.
Lodul is heavily wounded.
You barely miss Lodul.
Lodul is heavily wounded.
You block Lodul's attack. x3
Casting: Stone Arrow (dangerous; 11% risk of failure)
Confirm with . or Enter, or press ? or * to list all spells.
Aiming: Stone Arrow (dangerous; 11% risk of failure)
Press: ? - help, Shift-Dir - straight line, f - Lodul, p - Urug
Aim: Lodul the black bear (heavily wounded, 79% to hit)
Okay, then.
Lodul closely misses you. You block Lodul's attack.
Lodul completely misses you.
You climb upwards.
There is a stone staircase leading down, spattered with blood here.
You hit Lodul but do no damage.
Lodul is heavily wounded.
You block Lodul's attack. Lodul claws you but does no damage.
Lodul barely misses you.
You hit Lodul.
Lodul is severely wounded.
Lodul bites you but does no damage. Lodul claws you.
Lodul claws you but does no damage.
You barely miss Lodul. You bite Lodul, but do no damage.
Lodul is severely wounded.
Lodul bites you but does no damage. Lodul claws you but does no damage.
You block Lodul's attack.
You hit Lodul but do no damage.
Lodul is severely wounded.
Lodul barely misses you. Lodul closely misses you.
Lodul claws you but does no damage.
You barely miss Lodul.
Lodul is severely wounded.
You block Lodul's attack. Lodul claws you. Lodul barely misses you.
You hit Lodul.
Lodul is severely wounded.
You closely miss Lodul. You bite Lodul, but do no damage.
Lodul is severely wounded.
Lodul goes berserk!
You hit Lodul. Your bite misses Lodul.
Lodul is almost dead.
Lodul bites you! Lodul barely misses you. You block Lodul's attack.
You hit Lodul.
Lodul is almost dead.
Lodul bites you. Lodul claws you but does no damage. Lodul closely misses you.
You block Lodul's attack. x2; Lodul claws you but does no damage.
You hit Lodul.
Lodul is almost dead.
You block Lodul's attack. x3
Casting: Stone Arrow (dangerous; 11% risk of failure)
Confirm with . or Enter, or press ? or * to list all spells.
Aiming: Stone Arrow (dangerous; 11% risk of failure)
Press: ? - help, Shift-Dir - straight line, f - Lodul
Aim: Lodul the black bear (almost dead, berserk, 79% to hit)
The stone arrow hits Lodul!!
You kill Lodul!
Sif Muna accepts your kill.
Lodul returns to his original shape as he dies.
Items here: ( ) ÷ †.
You start resting.
Magic restored.
You start resting.
HP restored.
You see here a +0 trident.
There is a stone staircase leading down here.
You climb downwards.
Level annotation: Joseph; Urug
There is a stone staircase leading up here.
Urug pulsates.
Something tries to feed on your intellect!
There is a stone staircase leading up here.
Unknown command.
Casting: Stone Arrow (dangerous; 11% risk of failure)
Confirm with . or Enter, or press ? or * to list all spells.
Casting: Frozen Ramparts (mildly dangerous; 2% risk of failure)
Press: ? - help, Dir - look around, f - activate A stone staircase leading up.
You miscast Frozen Ramparts.
You are very lightly contaminated with residual magic.
Nothing appears to happen.
Casting: Frozen Ramparts (mildly dangerous; 2% risk of failure)
Confirm with . or Enter, or press ? or * to list all spells.
Casting: Frozen Ramparts (mildly dangerous; 2% risk of failure)
Press: ? - help, Dir - look around, f - activate A stone staircase leading up.
The walls around you are covered in ice.
Urug blinks!
Casting: Frozen Ramparts (mildly dangerous; 2% risk of failure)
Confirm with . or Enter, or press ? or * to list all spells.
Aiming: Stone Arrow (dangerous; 11% risk of failure)
Press: ? - help, Shift-Dir - straight line, f - Urug
Aim: Urug the glowing orange brain (94% to hit)
The stone arrow misses Urug.
Urug pulsates.
Casting: Stone Arrow (dangerous; 11% risk of failure)
Confirm with . or Enter, or press ? or * to list all spells.
Aiming: Stone Arrow (dangerous; 11% risk of failure)
Press: ? - help, Shift-Dir - straight line, f/p - Urug
Aim: Urug the glowing orange brain (94% to hit)
The stone arrow hits Urug!!
Urug is moderately wounded.
The orc wizard points at you and mumbles some strange words.
You are confused.
Your frozen ramparts will break if you move.
Continue?
The wall freezes Urug!
Urug pulsates.
You are more confused.
In your confused state, you trip and fall back down the stairs.
The wall freezes Urug!
You're too confused to cast spells.
The wall freezes Urug.
The wall freezes the orc wizard.
Press: ? - help, v - describe, . - travel
Here: Urug the glowing orange brain (severely wounded)
The floor.
Unknown command.
Unknown command.
Unknown command.
Unknown command.
The wall freezes Urug!
The wall freezes the orc.
Your magical contamination has completely faded away.
Unknown command.
Unknown command.
The wall freezes Urug!
The wall freezes the orc!
You kill the orc!
The orc's corpse dissolves into shadows!
The wall freezes the orc wizard.
The orc wizard closely misses you.
Unknown command.
Unknown command.
Unknown command.
The wall freezes Urug.
Urug pulsates.
Urug radiates an aura of fear!
You are terrified of Urug!
The wall freezes the orc wizard!
You kill the orc wizard!
The orc wizard's corpse dissolves into shadows!
Unknown command.
Unknown command.
Unknown command.
The wall freezes Urug.
You are no longer terrified.
You kill Urug!
Sif Muna accepts your kill.
Urug returns to her original shape as she dies.
The orc dissolves into shadows! x3
Unknown command.
Unknown command.
Your frozen ramparts will break if you move.
Continue?
The frozen ramparts melt away.
You climb upwards.
There is a stone staircase leading down here.
Unknown command.
You start resting.
You feel less confused.
You start resting.
Magic restored.
Unknown command.
Unknown command.
Items here: ))) ÷÷.
There is a stone staircase leading down, spattered with blood here.
You climb downwards.
Level annotation: Joseph
There is a stone staircase leading up, spattered with blood here.
Casting: Stone Arrow (dangerous; 11% risk of failure)
Confirm with . or Enter, or press ? or * to list all spells.
Aiming: Stone Arrow (dangerous; 11% risk of failure)
Press: ? - help, Shift-Dir - straight line, f - ogre
Aim: an ogre, wielding a +0 giant club (wandering, hasn't noticed you, 86% to hit)
The stone arrow hits the ogre!
The ogre is heavily wounded.
Casting: Stone Arrow (dangerous; 11% risk of failure)
Confirm with . or Enter, or press ? or * to list all spells.
Aiming: Stone Arrow (dangerous; 11% risk of failure)
Press: ? - help, Shift-Dir - straight line, f/p - ogre
Aim: an ogre, wielding a +0 giant club (heavily wounded, 86% to hit)
The stone arrow hits the ogre!!
You kill the ogre!
Sif Muna accepts your kill.
Your Ice Magic skill increases to level 9!
Your Invocations skill increases to level 7!
Casting: Stone Arrow (dangerous; 11% risk of failure)
Confirm with . or Enter, or press ? or * to list all spells.
Aiming: Stone Arrow (dangerous; 11% risk of failure)
Press: ? - help, Shift-Dir - straight line, f - ogre
Aim: an ogre, wielding a +0 giant club (86% to hit)
The stone arrow hits the ogre!
The ogre is heavily wounded.
Casting: Stone Arrow (dangerous; 11% risk of failure)
Confirm with . or Enter, or press ? or * to list all spells.
Aiming: Stone Arrow (dangerous; 11% risk of failure)
Press: ? - help, Shift-Dir - straight line, f/p - ogre
Aim: an ogre, wielding a +0 giant club (heavily wounded, 86% to hit)
The stone arrow hits the ogre!
The ogre is almost dead.
Casting: Stone Arrow (dangerous; 11% risk of failure)
Confirm with . or Enter, or press ? or * to list all spells.
Aiming: Stone Arrow (dangerous; 11% risk of failure)
Press: ? - help, Shift-Dir - straight line, f/p - ogre
Aim: an ogre, wielding a +0 giant club (almost dead, 86% to hit)
The stone arrow hits the ogre!
You kill the ogre!
Sif Muna accepts your kill.
Key pressed, stopping explore.
Magic restored.
You now have 841 gold pieces (gained 334).
You see here a +0 dire flail.
Things that are here:
a +0 chain mail; 7 silver javelins; a +2 glaive A wizard comes into view.
It is wielding a +0 long sword.
The wizard shouts!
The wizard casts a spell.
The wizard flickers and vanishes!
Deactivating autopickup; reactivate with Ctrl-A.
You see here a +0 dire flail.
There is a stone staircase leading up, spattered with blood here.
You climb upwards.
Reactivating autopickup.
There is a stone staircase leading down, spattered with blood here.
Items here: (( )).
Items here: )))) [[.
Things that are here:
a +0 robe; a +0 dagger
There is a stone staircase leading up here.
You climb upwards.
Level annotation: Gastronok
There is a stone staircase leading down here.
You see here a +0 short sword.
Things that are here:
a +0 leather armour; a +0 dagger
There is an escape hatch in the ceiling here.
A mysterious force pulls you upwards. The hatch slams shut behind you.
Level annotation: exclusion: gargoyle
There is a stone staircase leading up here.
You climb upwards.
Level annotation: 3 runed translucent doors, 0gre's ghost, novice GnIE
There is a stone staircase leading down here.
You see here a +0 halberd.
Things that are here:
a +0 spear; 3 stones; a +0 short sword
Items here: ( ))))).
The kobold brigand shouts!
There is a stone staircase leading up, spattered with blood here. 0gre's ghost screams, "You will never get the ORB!"
You climb upwards.
There is a stone staircase leading down here.
There is a stone staircase leading up here.
You climb upwards.
Level annotation: Grinder
There is a stone staircase leading down here.
There is a stone staircase leading up here.
You climb upwards.
There is a stone staircase leading down here.
Things that are here:
a +0 dagger; a goblin skeleton
There is an entrance to Zycyic's Antique Armour Shop here.
F - the +0 mask of the Dragon {Will+ Slay+3 SInv} Thank you for shopping at Zycyic's Antique Armour Shop!
You can access your shopping list by pressing '$'.
You start removing your armour.
You continue taking off your +0 helmet. x4
You finish taking off your +0 helmet.
You start putting on your armour.
You continue putting on the +0 mask of the Dragon {Will+ Slay+3 SInv}. x5
You finish putting on the +0 mask of the Dragon {Will+ Slay+3 SInv}.
You drop a +0 helmet.
You're already here!
m - the +0 ring mail "Qoblid" {Dex+6} Thank you for shopping at Zycyic's Antique Armour Shop!
You can access your shopping list by pressing '$'.
You start removing your armour.
You continue taking off your +2 leather armour of poison resistance. x4
You finish taking off your +2 leather armour of poison resistance.
You no longer feel resistant to poison.
You start putting on your armour.
You continue putting on the +0 ring mail "Qoblid" {Dex+6}. x5
You finish putting on the +0 ring mail "Qoblid" {Dex+6}.
You feel agile.
You start removing your armour.
You continue taking off the +0 ring mail "Qoblid" {Dex+6}. x4
You finish taking off the +0 ring mail "Qoblid" {Dex+6}.
You start putting on your armour.
You continue putting on your +2 leather armour of poison resistance. x5
You finish putting on your +2 leather armour of poison resistance.
You feel resistant to poison.
Unknown command.
There is a fountain of clear blue water here.
There is a stone staircase leading down here.
Unknown command.
Unknown command.
There is a stone staircase leading down here.
(D) Dungeon (T) Temple
Where to? (Enter - D:3 @ (x,y), ? - help)
You climb downwards.
Level annotation: Grinder
There is a stone staircase leading up here.
(D) Dungeon (T) Temple
Where to? (Enter - D:4, ? - help)
There is a stone staircase leading down here.
You climb downwards.
There is a stone staircase leading up here.
(D) Dungeon (T) Temple
Where to? (Enter - D:5, ? - help)
There is a stone staircase leading down here.
You climb downwards.
Level annotation: 3 runed translucent doors, 0gre's ghost, novice GnIE
There is a stone staircase leading up here.
Unknown command.
(D) Dungeon (T) Temple
Where to? (Enter - D:6, ? - help)
There is a stone staircase leading down here.
You climb downwards.
Level annotation: exclusion: gargoyle
There is a stone staircase leading up here.
Partly explored, can't reach some places.
Partly explored, can't reach some places.
There is a stone staircase leading down here.
Unknown command.
(D) Dungeon (T) Temple
Where to? (Enter - D:7 @ (x,y), ? - help)
You climb downwards.
Level annotation: Gastronok
There is a stone staircase leading up here.
You see here a +0 robe.
Casting: Stone Arrow (dangerous; 11% risk of failure)
Confirm with . or Enter, or press ? or * to list all spells.
A film of ice covers your body!
The cyclops shouts!
The cyclops throws a large rock.
The large rock misses you.
Casting: Ozocubu's Armour (mildly dangerous; 2% risk of failure)
Confirm with . or Enter, or press ? or * to list all spells.
Aiming: Stone Arrow (dangerous; 11% risk of failure)
Press: ? - help, Shift-Dir - straight line, f - cyclops
Aim: a cyclops, quivering large rocks (98% to hit)
The stone arrow hits the cyclops!
The cyclops is moderately wounded.
Casting: Stone Arrow (dangerous; 11% risk of failure)
Confirm with . or Enter, or press ? or * to list all spells.
Aiming: Stone Arrow (dangerous; 11% risk of failure)
Press: ? - help, Shift-Dir - straight line, f/p - cyclops
Aim: a cyclops, quivering large rocks (moderately wounded, 98% to hit)
The stone arrow hits the cyclops.
The cyclops is moderately wounded.
Casting: Stone Arrow (dangerous; 11% risk of failure)
Confirm with . or Enter, or press ? or * to list all spells.
Aiming: Stone Arrow (dangerous; 11% risk of failure)
Press: ? - help, Shift-Dir - straight line, f/p - cyclops
Aim: a cyclops, quivering large rocks (moderately wounded, 98% to hit)
The stone arrow hits the cyclops!
The cyclops is heavily wounded.
The cyclops throws a large rock.
The large rock misses you.
Casting: Stone Arrow (dangerous; 11% risk of failure)
Confirm with . or Enter, or press ? or * to list all spells.
Aiming: Stone Arrow (dangerous; 11% risk of failure)
Press: ? - help, Shift-Dir - straight line, f/p - cyclops
Aim: a cyclops, quivering large rocks (heavily wounded, 98% to hit)
The stone arrow hits the cyclops!
The cyclops is severely wounded.
Casting: Stone Arrow (dangerous; 11% risk of failure)
Confirm with . or Enter, or press ? or * to list all spells.
Aiming: Stone Arrow (dangerous; 11% risk of failure)
Press: ? - help, Shift-Dir - straight line, f/p - cyclops
Aim: a cyclops, quivering large rocks (severely wounded, 98% to hit)
The stone arrow hits the cyclops!!
You kill the cyclops!
Sif Muna accepts your kill.
Your Dodging skill increases to level 8!
Your icy armour cracks and falls away as you move.
You see here a +0 robe.
There is a stone staircase leading up here.
You start resting.
Magic restored.
Done exploring.
Done exploring.
You see here a +0 robe.
Gastronok gurgles horribly!
Casting: Stone Arrow (dangerous; 11% risk of failure)
Confirm with . or Enter, or press ? or * to list all spells.
Aiming: Stone Arrow (dangerous; 11% risk of failure)
Press: ? - help, Shift-Dir - straight line, f - Gastronok
Aim: Gastronok, wearing a +1 hat of stealth (100% to hit)
The stone arrow hits Gastronok!
Gastronok is lightly wounded.
Okay, then.
Your +1 dagger of electrocution stops crackling.
E - a staff of conjuration (weapon)
Casting: Stone Arrow (dangerous; 11% risk of failure)
Confirm with . or Enter, or press ? or * to list all spells.
Aiming: Stone Arrow (dangerous; 11% risk of failure)
Press: ? - help, Shift-Dir - straight line, f/p - Gastronok
Aim: Gastronok, wearing a +1 hat of stealth (lightly wounded, 100% to hit)
You feel a surge of power!
You miscast Stone Arrow.
You are very lightly contaminated with residual magic.
Nothing appears to happen.
Casting: Stone Arrow (dangerous; 11% risk of failure)
Confirm with . or Enter, or press ? or * to list all spells.
Aiming: Stone Arrow (dangerous; 11% risk of failure)
Press: ? - help, Shift-Dir - straight line, f/p - Gastronok
Aim: Gastronok, wearing a +1 hat of stealth (lightly wounded, 100% to hit)
You feel a surge of power!
The stone arrow hits Gastronok!!
Gastronok is lightly wounded.
Casting: Stone Arrow (dangerous; 11% risk of failure)
Confirm with . or Enter, or press ? or * to list all spells.
Aiming: Stone Arrow (dangerous; 11% risk of failure)
Press: ? - help, Shift-Dir - straight line, f/p - Gastronok
Aim: Gastronok, wearing a +1 hat of stealth (lightly wounded, 100% to hit)
You feel a surge of power!
The stone arrow hits Gastronok!!
Gastronok is moderately wounded.
Casting: Stone Arrow (dangerous; 11% risk of failure)
Confirm with . or Enter, or press ? or * to list all spells.
Aiming: Stone Arrow (dangerous; 11% risk of failure)
Press: ? - help, Shift-Dir - straight line, f/p - Gastronok
Aim: Gastronok, wearing a +1 hat of stealth (moderately wounded, 100% to hit)
You feel a surge of power!
The stone arrow hits Gastronok!!
Gastronok is heavily wounded.
Casting: Stone Arrow (dangerous; 11% risk of failure)
Confirm with . or Enter, or press ? or * to list all spells.
Aiming: Stone Arrow (dangerous; 11% risk of failure)
Press: ? - help, Shift-Dir - straight line, f/p - Gastronok
Aim: Gastronok, wearing a +1 hat of stealth (heavily wounded, 100% to hit)
You feel a surge of power!
The stone arrow hits Gastronok!
Gastronok is heavily wounded.
Gastronok gurgles, "I'll eat you, I will!"
Your magical contamination has completely faded away.
Casting: Stone Arrow (dangerous; 11% risk of failure)
Confirm with . or Enter, or press ? or * to list all spells.
Aiming: Stone Arrow (dangerous; 11% risk of failure)
Press: ? - help, Shift-Dir - straight line, f/p - Gastronok
Aim: Gastronok, wearing a +1 hat of stealth (heavily wounded, 100% to hit)
You feel a surge of power!
The stone arrow hits Gastronok!!
Gastronok is severely wounded.
Gastronok looks at you and mumbles some strange words.
You feel yourself slow down.
Unknown command.
You see here a +0 robe.
There is a stone staircase leading up here.
Unknown command.
Unknown command.
Unknown command.
Unknown command.
Unknown command.
Unknown command.
Unknown command.
You see here a +0 robe.
Casting: Stone Arrow (dangerous; 11% risk of failure)
Confirm with . or Enter, or press ? or * to list all spells.
You can't see any susceptible monsters within range! (Use Z to cast anyway.) Unknown command.
Gastronok's eyestalks quiver as he mumbles some strange words.
Gastronok puts on a burst of speed!
Casting: Stone Arrow (dangerous; 11% risk of failure)
Confirm with . or Enter, or press ? or * to list all spells.
Aiming: Stone Arrow (dangerous; 11% risk of failure)
Press: ? - help, Shift-Dir - straight line, f/p - Gastronok
Aim: Gastronok, wearing a +1 hat of stealth (severely wounded, covering ground quickly, 100% to hit)
You feel a surge of power!
You miscast Stone Arrow.
You are very lightly contaminated with residual magic.
Nothing appears to happen.
Gastronok attacks as you move away! Gastronok bites you!!
Gastronok attacks as you move away! Gastronok bites you!!
* * * LOW HITPOINT WARNING * * *
Okay, then.
Press: ? - help, v - describe, . - travel The floor.
Press: ? - help, v - describe, . - travel
Here: Gastronok, wearing a +1 hat of stealth (severely wounded, covering ground quickly)
The floor.
Unknown command.
Okay, then.
Okay, then.
As you read the scroll of teleportation, it crumbles to dust.
You feel strangely unstable.
Gastronok waves his eye-stalks in wide circles.
The air twists around and strikes you!!
* * * LOW HITPOINT WARNING * * *
Okay, then.
As you read the scroll of fear, it crumbles to dust.
You assume a fearsome visage.
Gastronok resists with almost no effort.
Gastronok bites you!!
You die...

#........##....##.....##..#
#...........##.#.......#..#
#.........#.##.#.......#..#
#.........#..#....._......#
#.......[###...#.......#.(#
#.......<# ##..#.......#..#
#........# ##.##.....##..#
#........# #.####.####..#
.........# #..@w........#
.........# ##..#######..#
###..##### ##.##...<..##
#..## #.##.....## # #...#
#.##.....# ###...##
#.##.....#
.......#########.##.....#
##......................#
#....####.#####..#.....#


You could see Gastronok (swift).

Vanquished Creatures
  Harold (D:10)
  A two-headed ogre (D:10)
  A glowing orange brain (D:10)
  Pikel (D:8)
  A cyclops (D:8)
  Psyche (D:8)
  A komodo dragon (D:10)
  2 trolls (D:9)
  Prince Ribbit (D:5)
  2 wyverns (D:9)
  11 yaks
  An acid dragon (D:9)
  A water moccasin (D:5)
  2 orc warriors (D:9)
  A black bear (D:9)
  A sky beast (D:7)
  5 ogres
  2 phantoms
  2 lemures (D:8)
  2 kobold brigands
  3 bullfrogs (D:7)
  A necrophage (D:5)
  A scorpion (D:7)
  4 wights (D:6)
  9 killer bees (D:7)
  2 jellies
  3 hounds
  An orc priest (D:8)
  A gnoll bouda (D:6)
  Ijyb (D:5)
  5 iguanas
  An orc wizard (D:9)
  12 gnolls
  14 adders
  A shadow imp (D:5)
  2 white imps
  2 ufetubi
  A worm (D:2)
  3 dart slugs
  27 orcs
  11 bats
  5 endoplasms
  2 giant cockroaches
  9 goblins
  13 hobgoblins
  12 jackals
  4 quokkas
  8 ball pythons
  4 frilled lizards
  18 kobolds
  5 rats
225 creatures vanquished.

Vanquished Creatures (others)
  2 orcs (D:8)
2 creatures vanquished.

Grand Total: 227 creatures vanquished

Notes
Turn   | Place    | Note
-------+----------+-------------------------------------------
     0 | D:1      | sleeves the Gnoll Ice Elementalist began the quest for the
                  | Orb.
     0 | D:1      | Reached XP level 1. HP: 13/13 MP: 6/6
   189 | D:1      | Reached XP level 2. HP: 19/19 MP: 4/7
   437 | D:1      | Reached skill level 5 in Spellcasting
   437 | D:1      | Reached XP level 3. HP: 20/25 MP: 2/9
   768 | D:1      | Reached skill level 1 in Invocations
   772 | D:1      | Learned a level 3 spell: Frozen Ramparts
   776 | D:1      | Learned a level 3 spell: Ozocubu's Armour
   806 | D:1      | Found a faded altar of an unknown god.
  1005 | D:2      | Reached skill level 1 in Fighting
  1005 | D:2      | Reached skill level 1 in Short Blades
  1005 | D:2      | Reached skill level 1 in Long Blades
  1005 | D:2      | Reached skill level 1 in Axes
  1005 | D:2      | Reached skill level 1 in Maces & Flails
  1005 | D:2      | Reached skill level 1 in Polearms
  1005 | D:2      | Reached skill level 1 in Staves
  1005 | D:2      | Reached skill level 1 in Ranged Weapons
  1005 | D:2      | Reached skill level 1 in Throwing
  1005 | D:2      | Reached skill level 1 in Armour
  1005 | D:2      | Reached skill level 1 in Shields
  1005 | D:2      | Reached skill level 1 in Unarmed Combat
  1005 | D:2      | Reached skill level 1 in Evocations
  1007 | D:2      | HP: 9/26 [gnoll/+0 whip (7)]
  1012 | D:2      | Reached XP level 4. HP: 10/32 MP: 6/11
  1271 | D:2      | Reached skill level 1 in Conjurations
  1271 | D:2      | Reached skill level 1 in Hexes
  1271 | D:2      | Reached skill level 1 in Summonings
  1271 | D:2      | Reached skill level 1 in Necromancy
  1271 | D:2      | Reached skill level 1 in Translocations
  1271 | D:2      | Reached skill level 1 in Transmutations
  1271 | D:2      | Reached skill level 1 in Fire Magic
  1271 | D:2      | Reached skill level 1 in Air Magic
  1271 | D:2      | Reached skill level 1 in Earth Magic
  1271 | D:2      | Reached skill level 1 in Poison Magic
  1576 | D:2      | Reached XP level 5. HP: 36/37 MP: 10/12
  1811 | D:2      | Found Sotziqi's Distillery.
  2127 | D:2      | Found an ancient bone altar of Kikubaaqudgha.
  2569 | D:3      | Found Zycyic's Antique Armour Shop.
  2613 | D:3      | Found a sacrificial altar of Ru.
  2619 | D:3      | Reached skill level 2 in Invocations
  2721 | D:3      | Found a shimmering blue altar of Sif Muna.
  2726 | D:3      | Found a glowing golden altar of the Shining One.
  2729 | D:3      | Found a hide-covered altar of Uskayaw.
  2960 | D:3      | Found an iron altar of Okawaru.
  3070 | D:4      | Reached XP level 6. HP: 44/44 MP: 8/14
  3230 | D:4      | Reached skill level 5 in Dodging
  3280 | D:4      | Reached skill level 2 in Fighting
  3280 | D:4      | Reached skill level 2 in Short Blades
  3280 | D:4      | Reached skill level 2 in Long Blades
  3280 | D:4      | Reached skill level 2 in Axes
  3280 | D:4      | Reached skill level 2 in Maces & Flails
  3280 | D:4      | Reached skill level 2 in Polearms
  3280 | D:4      | Reached skill level 2 in Staves
  3280 | D:4      | Reached skill level 2 in Ranged Weapons
  3280 | D:4      | Reached skill level 2 in Throwing
  3280 | D:4      | Reached skill level 2 in Armour
  3280 | D:4      | Reached skill level 2 in Shields
  3280 | D:4      | Reached skill level 2 in Unarmed Combat
  3280 | D:4      | Reached skill level 2 in Evocations
  3286 | D:4      | Learned a level 3 spell: Stone Arrow
  3342 | D:3      | Found an opulent altar of Gozag.
  3353 | D:3      | Became a worshipper of Sif Muna the Loreminder
  3733 | D:4      | Noticed Grinder
  4334 | D:5      | Entered Level 5 of the Dungeon
  4378 | D:5      | Noticed a water moccasin
  4383 | D:5      | Killed a water moccasin
  4384 | D:5      | Reached XP level 7. HP: 51/51 MP: 6/15
  4511 | D:5      | Reached skill level 2 in Conjurations
  4511 | D:5      | Reached skill level 2 in Hexes
  4511 | D:5      | Reached skill level 2 in Summonings
  4511 | D:5      | Reached skill level 2 in Necromancy
  4511 | D:5      | Reached skill level 2 in Translocations
  4511 | D:5      | Reached skill level 2 in Transmutations
  4511 | D:5      | Reached skill level 2 in Fire Magic
  4511 | D:5      | Reached skill level 2 in Air Magic
  4511 | D:5      | Reached skill level 2 in Earth Magic
  4511 | D:5      | Reached skill level 2 in Poison Magic
  4668 | D:5      | Reached skill level 5 in Stealth
  4733 | D:5      | Reached skill level 3 in Invocations
  4832 | D:5      | Noticed Prince Ribbit
  4836 | D:5      | Killed Prince Ribbit
  4837 | D:5      | Reached skill level 3 in Fighting
  4837 | D:5      | Reached skill level 3 in Short Blades
  4837 | D:5      | Reached skill level 3 in Long Blades
  4837 | D:5      | Reached skill level 3 in Axes
  4837 | D:5      | Reached skill level 3 in Maces & Flails
  4837 | D:5      | Reached skill level 3 in Polearms
  4837 | D:5      | Reached skill level 3 in Staves
  4837 | D:5      | Reached skill level 3 in Ranged Weapons
  4837 | D:5      | Reached skill level 3 in Throwing
  4837 | D:5      | Reached skill level 3 in Armour
  4837 | D:5      | Reached skill level 3 in Shields
  4837 | D:5      | Reached skill level 3 in Unarmed Combat
  4837 | D:5      | Reached skill level 3 in Evocations
  4837 | D:5      | Reached XP level 8. HP: 58/58 MP: 9/16
  5125 | D:5      | Found Optoutre's Assorted Antiques.
  5130 | D:5      | Reached * piety under Sif Muna
  5131 | D:5      | Reached skill level 6 in Spellcasting
  5193 | D:5      | Found a burning altar of Makhleb.
  5219 | D:5      | Noticed Ijyb
  5231 | D:5      | Killed Ijyb
  5303 | D:5      | Darkkill: hey guys
  5314 | D:5      | sleeves: hello
  5356 | D:5      | Found a sparkling altar of Nemelex Xobeh.
  5688 | D:6      | Found a runed translucent gate.
  5688 | D:6      | Found a runed translucent gate.
  5688 | D:6      | Found a runed translucent gate.
  5692 | D:6      | Noticed a troll
  5693 | D:6      | Noticed 0gre's ghost (novice GnIE)
  5800 | D:6      | Darkkill: hru
  5920 | D:6      | sleeves: trying not to die
  5952 | D:6      | Darkkill: lol
  5995 | D:6      | Darkkill: want a op class
  6028 | D:6      | Found a staircase to the Ecumenical Temple.
  6032 | D:6      | sleeves: i think this might be one
  6087 | D:6      | Found a radiant altar of Vehumet.
  6194 | D:6      | Darkkill: the human hunter i will show you it if you die
  6252 | D:6      | Reached skill level 4 in Invocations
  6348 | D:6      | Reached skill level 3 in Conjurations
  6348 | D:6      | Reached skill level 3 in Hexes
  6348 | D:6      | Reached skill level 3 in Summonings
  6348 | D:6      | Reached skill level 3 in Necromancy
  6348 | D:6      | Reached skill level 3 in Translocations
  6348 | D:6      | Reached skill level 3 in Transmutations
  6348 | D:6      | Reached skill level 3 in Fire Magic
  6348 | D:6      | Reached skill level 3 in Air Magic
  6348 | D:6      | Reached skill level 3 in Earth Magic
  6348 | D:6      | Reached skill level 3 in Poison Magic
  6439 | D:6      | Reached skill level 6 in Dodging
  6934 | D:6      | Reached XP level 9. HP: 59/65 MP: 6/18
  7040 | D:7      | Reached ** piety under Sif Muna
  7041 | D:7      | Reached skill level 4 in Fighting
  7041 | D:7      | Reached skill level 4 in Short Blades
  7041 | D:7      | Reached skill level 4 in Long Blades
  7041 | D:7      | Reached skill level 4 in Axes
  7041 | D:7      | Reached skill level 4 in Maces & Flails
  7041 | D:7      | Reached skill level 4 in Polearms
  7041 | D:7      | Reached skill level 4 in Staves
  7041 | D:7      | Reached skill level 4 in Ranged Weapons
  7041 | D:7      | Reached skill level 4 in Throwing
  7041 | D:7      | Reached skill level 4 in Armour
  7041 | D:7      | Reached skill level 4 in Shields
  7041 | D:7      | Reached skill level 4 in Unarmed Combat
  7041 | D:7      | Reached skill level 4 in Evocations
  7105 | D:7      | Reached skill level 6 in Stealth
  7105 | D:7      | Reached skill level 8 in Ice Magic
  7451 | D:7      | Noticed a gargoyle
  7991 | D:8      | Noticed Psyche
  8002 | D:8      | Reached skill level 5 in Invocations
  8007 | D:8      | Killed Psyche
  8154 | D:8      | Noticed Pikel
  8208 | D:8      | Killed Pikel
  8209 | D:8      | Reached skill level 7 in Spellcasting
  8209 | D:8      | Reached skill level 4 in Conjurations
  8209 | D:8      | Reached skill level 4 in Hexes
  8209 | D:8      | Reached skill level 4 in Summonings
  8209 | D:8      | Reached skill level 4 in Necromancy
  8209 | D:8      | Reached skill level 4 in Translocations
  8209 | D:8      | Reached skill level 4 in Transmutations
  8209 | D:8      | Reached skill level 4 in Fire Magic
  8209 | D:8      | Reached skill level 4 in Air Magic
  8209 | D:8      | Reached skill level 4 in Earth Magic
  8209 | D:8      | Reached skill level 4 in Poison Magic
  8286 | D:8      | Reached skill level 5 in Fighting
  8286 | D:8      | Reached skill level 5 in Short Blades
  8286 | D:8      | Reached skill level 5 in Long Blades
  8286 | D:8      | Reached skill level 5 in Axes
  8286 | D:8      | Reached skill level 5 in Maces & Flails
  8286 | D:8      | Reached skill level 5 in Polearms
  8286 | D:8      | Reached skill level 5 in Staves
  8286 | D:8      | Reached skill level 5 in Ranged Weapons
  8286 | D:8      | Reached skill level 5 in Throwing
  8286 | D:8      | Reached skill level 5 in Armour
  8286 | D:8      | Reached skill level 5 in Shields
  8286 | D:8      | Reached skill level 5 in Unarmed Combat
  8286 | D:8      | Reached skill level 5 in Evocations
  8337 | D:8      | Noticed a cyclops
  8367 | D:8      | Reached XP level 10. HP: 60/74 MP: 12/20
  8373 | D:8      | Reached skill level 7 in Dodging
  8384 | D:8      | HP: 27/74 [yak (11)]
  8613 | D:8      | Found a hazy altar of Hepliaklqana.
  8652 | D:8      | Noticed Gastronok
  9697 | D:9      | Reached skill level 6 in Invocations
  9804 | D:9      | Reached skill level 7 in Stealth
 10388 | D:9      | CougarLife: human hunter
 10688 | D:10     | Entered Level 10 of the Dungeon
 10688 | D:10     | Noticed Harold
 10689 | D:10     | CougarLife: 89%
 10690 | D:10     | CougarLife: dont fuck with him
 10695 | D:10     | CougarLife: marked
 10927 | D:9      | CougarLife: holy shit they didnt wake up
 10928 | D:10     | Noticed a two-headed ogre
 10929 | D:10     | CougarLife: lmao
 10929 | D:10     | sleeves: yeah i dont think its global anymore
 10929 | D:10     | CougarLife: i swear it doesnt say that it isnt
 10929 | D:10     | sleeves: well i have to fight something
 10929 | D:10     | CougarLife: we looked at it the other day
 10929 | D:10     | CougarLife: any curares?
 10929 | D:10     | Darkkill: if you had a bow
 10929 | D:10     | CougarLife: unfortunate
 10929 | D:10     | CougarLife: whats polymorph lookin lik
 10957 | D:10     | Killed Harold
 11068 | D:9      | sleeves: idk
 11068 | D:9      | sleeves: shoulda checked
 11244 | D:9      | Reached skill level 6 in Fighting
 11244 | D:9      | Reached skill level 6 in Short Blades
 11244 | D:9      | Reached skill level 6 in Long Blades
 11244 | D:9      | Reached skill level 6 in Axes
 11244 | D:9      | Reached skill level 6 in Maces & Flails
 11244 | D:9      | Reached skill level 6 in Polearms
 11244 | D:9      | Reached skill level 6 in Staves
 11244 | D:9      | Reached skill level 6 in Ranged Weapons
 11244 | D:9      | Reached skill level 6 in Throwing
 11244 | D:9      | Reached skill level 6 in Armour
 11244 | D:9      | Reached skill level 6 in Shields
 11244 | D:9      | Reached skill level 6 in Unarmed Combat
 11244 | D:9      | Reached skill level 6 in Evocations
 11248 | D:9      | Reached *** piety under Sif Muna
 11249 | D:9      | Reached skill level 5 in Conjurations
 11249 | D:9      | Reached skill level 5 in Hexes
 11249 | D:9      | Reached skill level 5 in Summonings
 11249 | D:9      | Reached skill level 5 in Necromancy
 11249 | D:9      | Reached skill level 5 in Translocations
 11249 | D:9      | Reached skill level 5 in Transmutations
 11249 | D:9      | Reached skill level 5 in Fire Magic
 11249 | D:9      | Reached skill level 5 in Air Magic
 11249 | D:9      | Reached skill level 5 in Earth Magic
 11249 | D:9      | Reached skill level 5 in Poison Magic
 11410 | D:9      | Reached XP level 11. HP: 60/81 MP: 13/22
 11414 | D:9      | Reached skill level 8 in Spellcasting
 11671 | D:10     | Killed a two-headed ogre
 11744 | D:10     | Noticed Urug
 11744 | D:10     | Noticed a +5 triple sword
 11754 | D:10     | Noticed Joseph
 11765 | D:10     | Noticed Urug
 11765 | D:10     | Urug changed into Urug the shock serpent
 11766 | D:10     | sleeves: fuck
 11766 | D:10     | Noticed Urug
 11766 | D:10     | Urug the shock serpent changed into Urug the glowing orange
                  | brain
 11769 | D:10     | Noticed Lodul
 11770 | D:10     | sleeves: holy floor of death
 11771 | D:10     | CougarLife: what the fuck
 11771 | D:10     | CougarLife: is this floor
 11773 | D:10     | Noticed Lodul
 11773 | D:10     | Lodul changed into Lodul the black bear
 11791 | D:9      | Killed Lodul the black bear
 11912 | D:10     | CougarLife: confuse spooky
 11915 | D:10     | Killed Urug the glowing orange brain
 11916 | D:10     | sleeves: idiot fell right into my trap
 11971 | D:9      | CougarLife: you can go up stairs while confused?
 11971 | D:9      | CougarLife: wtf
 12003 | D:10     | sleeves: yeah
 12004 | D:10     | CougarLife: since when
 12005 | D:10     | Reached skill level 9 in Ice Magic
 12005 | D:10     | Reached skill level 7 in Invocations
 12007 | D:10     | sleeves: recently
 12007 | D:10     | sleeves: idk
 12094 | D:10     | Noticed a wizard
 12105 | D:9      | sleeves: brooo they even put a wiz
 12246 | D:3      | Bought the +0 mask of the Dragon {Will+ Slay+3 SInv} for
                  | 501 gold pieces
 12246 | D:3      | Found the +0 mask of the Dragon {Will+ Slay+3 SInv}
 12257 | D:3      | Bought a bloodstained ring mail for 135 gold pieces
 12257 | D:3      | Identified the +0 ring mail "Qoblid" {Dex+6} (You bought it
                  | in a shop on level 3 of the Dungeon)
 12277 | D:3      | CougarLife: thats a sick hat
 12424 | D:8      | Killed a cyclops
 12425 | D:8      | Reached skill level 8 in Dodging
 12591 | D:8      | HP: 33/83 [Gastronok (26)]
 12592 | D:8      | sleeves: wtf
 12592 | D:8      | HP: 11/83 [Gastronok/the air (22)]
 12593 | D:8      | sleeves: i died
 12593 | D:8      | Mangled by Gastronok

Illustrated notes

Levels and vault maps discovered:
D:1:      minmay_arrival_five_plusses, layout_loops_ring,
          hellmonk_ecumenical_altar_inner_sanctum, corner_web_ring,
          minmay_small_reverse_x
D:2:      layout_basic, basic_altar, serial_shops,
          nicolae_shop_temple_entry_statues_fountains, minmay_snake_closets
D:3:      layout_rooms, nicolae_ru_awakened_eye, nicolae_overflow_hidden_temple,
          serial_shops, shop_fountains
D:4:      layout_basic, amcnicky_mini_corridor_feature,
          hangedman_abyss_or_decor_passed, uniq_grinder
D:5:      layout_loops_ring, mainiacjoe_overflow_chevrons,
          lightli_temple_of_fire, minmay_shop_grid_forest, minivault_27,
          uniq_prince_ribbit1, uniq_ijyb
D:6:      layout_rooms, mainiacjoe_overflow_six_doors_small,
          minmay_temple_entry_offerings, gammafunk_ghost_split, serial_curves,
          eino_curves_03, eino_curves_04, eino_curves_03
D:7:      minmay_cornered_nines, layout_basic
D:8:      layout_rooms, old_standard_altar, uniq_gastronok, uniq_psyche,
          uniq_pikel
D:9:      layout_basic
D:10:     layout_cave_pools, due_lair_maze_entry_diamond, david_orc_4,
          sword_in_stone, uniq_maurice, uniq_harold, uniq_lodul

Skill      XL: |  1  2  3  4  5  6  7  8  9 10 11 |
---------------+----------------------------------+-----
Spellcasting   | 5 6 7 8 |  8.2
Invocations    | 1 2 3 4 5 6 7 |  7.0
Fighting       | 1 2 3 5 6 |  6.4
Short Blades   | 1 2 3 5 6 |  6.4
Long Blades    | 1 2 3 5 6 |  6.4
Axes           | 1 2 3 5 6 |  6.4
Maces & Flails | 1 2 3 5 6 |  6.4
Polearms       | 1 2 3 5 6 |  6.4
Staves         | 1 2 3 5 6 |  6.4
Ranged Weapons | 1 2 3 5 6 |  6.4
Throwing       | 1 2 3 5 6 |  6.4
Armour         | 1 2 3 5 6 |  6.4
Shields        | 1 2 3 5 6 |  6.4
Unarmed Combat | 1 2 3 5 6 |  6.4
Evocations     | 1 2 3 5 6 |  6.4
Conjurations   | 1 2 3 4 5 |  5.3
Hexes          | 1 2 3 4 5 |  5.3
Summonings     | 1 2 3 4 5 |  5.3
Necromancy     | 1 2 3 4 5 |  5.3
Translocations | 1 2 3 4 5 |  5.3
Transmutations | 1 2 3 4 5 |  5.3
Fire Magic     | 1 2 3 4 5 |  5.3
Air Magic      | 1 2 3 4 5 |  5.3
Earth Magic    | 1 2 3 4 5 |  5.3
Poison Magic   | 1 2 3 4 5 |  5.3
Dodging        | 5 6 7 8 |  8.0
Stealth        | 5 6 7 |  7.7
Ice Magic      | 8 9 |  9.0

Action                   |  1- 3 |  4- 6 |  7- 9 | 10-12 || total
-------------------------+-------+-------+-------+-------++-------
Melee: Dagger            |    26 |    31 |    17 |    77 ||   151
       Bite              |     3 |     4 |    12 |    14 ||    33
       Falchion          |       |       |    44 |       ||    44
       Rapier            |       |       |    22 |       ||    22
       Punch             |       |       |     2 |     1 ||     3
       Spear             |       |       |    37 |    63 ||   100
 Cast: Freeze            |    33 |    67 |    46 |    12 ||   158
       Frozen Ramparts   |     1 |    16 |    30 |    15 ||    62
       Ozocubu's Armour  |       |     1 |    21 |    15 ||    37
       Stone Arrow       |       |       |    13 |    41 ||    54
Evoke: Wand              |       |       |       |     6 ||     6
  Use: Scroll            |       |       |       |     7 ||     7
 Stab: Sleeping          |     5 |     9 |     3 |     2 ||    19
       Distracted        |       |       |     2 |       ||     2
Armor: Robe              |    29 |    30 |    10 |       ||    69
       Leather armour    |       |       |    40 |    46 ||    86
Dodge: Dodged            |    43 |    81 |    94 |    71 ||   289
Block: Kite shield       |       |       |       |    59 ||    59
